 Dungeon Crawl Stone Soup version 0.30-a0-779-g7971cf19c3 (webtiles) character file.

Game seed: 11500560056965655542

6 Smoke131 the Vexing (level 1, 0/13 HPs)
             Began as a Vampire Enchanter on Feb 18, 2023.
             Slain by a jackal (2 damage)
             ... on level 1 of the Dungeon.
             The game lasted 00:03:23 (227 turns).

Smoke131 the Vexing (Vampire Enchanter)              Turns: 227, Time: 00:03:24

Health: 0/13       AC:  2    Str:  7    XL:     1   Next: 75%
Magic:  3/3        EV: 12    Int: 17    God:
Gold:   0          SH:  0    Dex: 14    Spells: 4/4 levels left

rFire   . . .      SeeInvis +    a - +1 dagger
rCold   . . .      Faith    .    (no shield)
rNeg    . . .      Spirit   .    b - +0 robe
rPois   .          Reflect  .    (no helmet)
rElec   .          Harm     .    (no cloak)
rCorr   .          Rampage  .    (no gloves)
Will    .....                    (no boots)
Stlth   +++                      (no amulet)
HPRegen 0.42/turn                (no ring)
MPRegen 0.08/turn                (no ring)

@: healing quickly
A: alive, fangs 3, see invisible, vampiric 1
a: Exsanguinate


You were on level 1 of the Dungeon.
You visited 1 branch of the dungeon, and saw 1 of its levels.

Inventory:

Hand Weapons
 a - a +1 dagger (weapon)
Armour
 b - a +0 robe (worn)
Potions
 c - 2 potions of invisibility
 d - a potion of cancellation {unknown}


   Skills:
 + Level 1.3 Short Blades
 + Level 2.3 Dodging
 + Level 4.5 Stealth
 + Level 2.1 Spellcasting
 + Level 4.5 Hexes


You had 4 spell levels left.
You didn't know any spells.
Your spell library contained the following spells:

 Spells                   Type           Power      Damage    Failure   Level
 Confusing Touch          Hex            17%        N/A       9%          3
 Tukima's Dance           Hex            17%        N/A       9%          3
 Ensorcelled Hibernation  Hex/Ice        18%        N/A       12%         2
 Dazzling Flash           Conj/Hex       18%        N/A       22%         3


Dungeon Overview and Level Annotations

Branches:
Dungeon (1/15)

Altars:


Innate Abilities, Weirdness & Mutations

Your natural rate of healing is accelerated.
You have razor-sharp teeth.
You have supernaturally acute eyesight. (SInv)
You are afflicted with vampirism.


Message History

You kill the kobold!
You see here a +0 club. 2 jackals come into view.
An endoplasm comes into view.
The jackal moves out of view. x2
A jackal comes into view.
The jackal barks!
The endoplasm quivers.
The endoplasm hits you but does no damage.
You barely miss the endoplasm. The endoplasm hits you.
A kobold comes into view. It is wielding a +0 short sword.
The endoplasm attacks as you move away! The endoplasm hits you.
You hit the endoplasm but do no damage.
You punch the endoplasm, but do no damage.
The endoplasm freezes you.
You are frozen.
The endoplasm attacks as you move away! The endoplasm closely misses you.
The endoplasm attacks as you move away! The endoplasm hits you.
The endoplasm attacks as you move away! The endoplasm hits you.
The jackal attacks as you move away! The jackal bites you.
The endoplasm attacks as you move away!
The endoplasm hits you but does no damage.
The jackal bites you.
The endoplasm jiggles.
There is an open door here.
The jackal closely misses you. The jackal bites you.
Keep bloodletting? [Y]es or [N]o only, please.
Keep bloodletting?
You begin bloodletting.
You continue bloodletting.
The jackal bites you.
You continue bloodletting.
The jackal bites you.
You continue bloodletting.
The jackal bites you.
* * * LOW HITPOINT WARNING * * *
The jackal bites you.
* * * LOW HITPOINT WARNING * * *
You continue bloodletting.
The jackal bites you.
You die...

#...........##..# ..#.....####.##
........# #..# #.#.....#....##
h....##.##+# #..# #.#...>.......#
.... #.##.# #..# #.#............
#######.##.####.###.#.##..#.##...
....)...h.......h...........##...
#####....h......J............+...
#..........8#8#h#8#8.......##...
#..........####@####.......##...
#..........8#^....#8.....#.###.#
#.....###..##.....##.....#.# #.#
#.....# #..8#<.⌠..+......#.#
####### ##.##.....##.....#
#.....# ###+###


You could see an endoplasm and 2 jackals.

Vanquished Creatures
  2 giant cockroaches (D:1)
  A goblin (D:1)
  A kobold (D:1)
  A frilled lizard (D:1)
5 creatures vanquished.

Notes
Turn   | Place    | Note
-------+----------+-------------------------------------------
     0 | D:1      | Smoke131 the Vampire Enchanter began the quest for the Orb.
     0 | D:1      | Reached XP level 1. HP: 13/13 MP: 3/3
   227 | D:1      | Slain by a jackal

Illustrated notes

Levels and vault maps discovered:
D:1:      minmay_arrival_statue_studded, layout_basic, serial_shops, shop,
          basic_ecumenical_altar, minmay_misc_feat_x

Action                     || total
---------------------------++-------
  Melee: Dagger            ||    16
         Punch             ||     1
         Bite              ||     1
Ability: Exsanguinate      ||     1
 Armour: Robe              ||     4
  Dodge: Dodged            ||     6

Table legend: (Time is in decaauts)
 A = Elapsed time spent in this place.
 B = Non-inter-level travel time spent in this place.
 C = Inter-level travel time spent in this place.
 D = Time resting spent in this place.
 E = Time spent auto-exploring this place.
 F = Levels seen in this place.
 G = Mean time per level.
                   A        B        C        D        E       F      G
               +--------+--------+--------+--------+--------+-----+--------+
         Total |    226 |    226 |      0 |    100 |     47 |   1 |  226.0 |
       Dungeon |    226 |    226 |      0 |    100 |     47 |   1 |  226.0 |
               +--------+--------+--------+--------+--------+-----+--------+

Top non-repeatable levels by time:
     D:1: 226 daAuts
